 Dungeon Crawl Stone Soup version 0.25.1-1-g288607f5aa (webtiles) character file.

Game seed: 5055304557090790667

51 Ijustatesigmund the Chopper (level 3, -5/26 HPs)
             Began as an Octopode Fighter on July 23, 2020.
             Slain by an ogre
             ... wielding a +0 giant club
              (31 damage)
             ... on level 2 of the Dungeon.
             The game lasted 00:01:20 (1101 turns).

Ijustatesigmund the Chopper (Octopode Fighter)      Turns: 1101, Time: 00:01:20

Health: -5/26      AC:  1    Str: 15    XL:     3   Next: 81%
Magic:  3/3        EV: 11    Int: 10    God:
Gold:   147        SH:  9    Dex: 12    Spells: 2/2 levels left

rFire    . . .     SeeInvis .   a - +0 war axe
rCold    . . .     Gourm    .   b - +1 kite shield
rNeg     . . .     Faith    .   (helmet restricted)
rPois    .         Spirit   .   (no amulet)
rElec    .         Reflect  .   (no ring)
rCorr    .         Harm     .   (no ring)
MR       .....                  (no ring)
Stlth    +++.......             (no ring)
HPRegen  0.08/turn              (no ring)
MPRegen  0.08/turn              (no ring)
                                (no ring)
                                (no ring)

@: no status effects
A: almost no armour, stealthy swim, amphibious, 8 rings, constrict 8, camouflage
1, gelatinous body 1
a: no special abilities


You were on level 2 of the Dungeon.
You were not hungry.

You visited 1 branch of the dungeon, and saw 2 of its levels.

You collected 147 gold pieces.

Inventory:

Hand Weapons
 a - a +0 war axe (weapon)
Armour
 b - a +1 kite shield (worn)
Scrolls
 e - a scroll of remove curse
 g - 3 scrolls of identify
 i - a scroll of fear {unknown}
Potions
 c - a potion of might
 f - a potion of resistance
Comestibles
 d - 2 rations
 h - 3 chunks of flesh


   Skills:
 - Level 3.0 Fighting
 + Level 3.7 Axes
 - Level 3.0 Dodging
 + Level 1.8 Stealth
 - Level 3.0 Shields


You had 2 spell levels left.
You didn't know any spells.
Your spell library was empty.

Dungeon Overview and Level Annotations

Branches:
Dungeon (2/15)

Altars:
Kikubaaqudgha


Innate Abilities, Weirdness & Mutations

You cannot wear most types of armour.
You are very stealthy in the water. (Stealth+)
You are amphibious.
You can wear up to eight rings at the same time.
You can use your tentacles to constrict eight enemies at once.
Your skin changes colour to match your surroundings (Stealth+).
Your rubbery body absorbs attacks. (AC +1, EV +1)


Message History

An ogre comes into view. It is wielding a +0 giant club.
There is a stone staircase leading down here.
The ogre shouts!
You slash the ogre! You squeeze the ogre, but do no damage.
The ogre is moderately wounded.
You block the ogre's attack.
You hit the ogre.
The ogre is heavily wounded.
The ogre barely misses you.
You completely miss the ogre. You squeeze the ogre.
The ogre is severely wounded.
The ogre closely misses you.
You hit the ogre.
The ogre is almost dead.
You block the ogre's attack. x2
You hit the ogre but do no damage. You squeeze the ogre.
The ogre is almost dead.
The ogre hits you with a +0 giant club!!
Ouch! That really hurt!
You die...

############.# #.#
#.# #.##### #.....#
#####.#
#################.#
..........!....##.#
.......@..>....##.#
###.###O#......##.#
#.#......##.#
.#.###....รท....#
.............####
#.#.###......#
#......# #......#
...'#####


You could see an ogre.

Vanquished Creatures
  A gnoll (D:1)
  An ooze (D:2)
  2 worms (D:2)
  2 dart slugs (D:2)
  5 goblins
  A hobgoblin (D:2)
  7 bats
  A frilled lizard (D:1)
  5 kobolds
  4 rats
29 creatures vanquished.

Notes
Turn   | Place    | Note
-------+----------+-------------------------------------------
     0 | D:1      | Ijustatesigmund the Octopode Fighter began the quest for
                  | the Orb.
     0 | D:1      | Reached XP level 1. HP: 16/16 MP: 1/1
   236 | D:1      | Reached XP level 2. HP: 14/21 MP: 2/2
   557 | D:1      | Reached XP level 3. HP: 26/26 MP: 3/3
   723 | D:2      | Found an ancient bone altar of Kikubaaqudgha.
   731 | D:2      | Reached skill level 1 in Stealth
  1093 | D:2      | Noticed an ogre
  1101 | D:2      | Slain by an ogre

Illustrated notes

Levels and vault maps discovered:
D:1:      eino_arrival_cavern_d, layout_basic, minmay_ruptured
D:2:      layout_basic, old_standard_altar, minmay_misc_feat_roman

Skill      XL: |  1  2  3 |
---------------+----------+-----
Axes           | 3 |  3.7
Stealth        | 1 |  1.8
Fighting       | |  3.0
Dodging        | |  3.0
Shields        | |  3.0

Action                   || total
-------------------------++-------
Melee: War axe           ||    51
       Constrict         ||    15
       Tentacles         ||    17
  Use: Scroll            ||     4
 Stab: Sleeping          ||     3
       Distracted        ||     1
  Eat: Chunk             ||     1
Armor: Skin              ||     5
Dodge: Dodged            ||    27
Block: Kite shield       ||    34
